 Dungeon Crawl Stone Soup version 0.29-a0-330-g52719c12eb (webtiles) character file.

Game seed: 2395164500320715874

510 kae the Firebug (level 7, -4/40 HPs)
             Began as a Tengu Fire Elementalist on Apr 14, 2022.
             Succumbed to a scorpion's poison
             ... on level 4 of the Dungeon.
             The game lasted 00:03:12 (3450 turns).

kae the Firebug (Tengu Fire Elementalist)           Turns: 3450, Time: 00:03:13

Health: -4/40      AC:  2    Str:  8    XL:     7   Next: 19%
Magic:  10/12      EV: 15    Int: 17    God:
Gold:   403        SH:  5    Dex: 15    Spells: 6/12 levels left

rFire   + . .      SeeInvis .   c - staff of conjuration
rCold   . . .      Faith    .   i - +1 buckler
rNeg    . . .      Spirit   .   a - +0 robe
rPois   .          Reflect  .   (helmet restricted)
rElec   .          Harm     .   (no cloak)
rCorr   .          Rampage  .   (no gloves)
Will    +....                   (boots unavailable)
Stlth   ++........              h - amulet of magic regeneration
HPRegen 0.13/turn               d - ring of willpower
MPRegen 0.53/turn               e - ring of protection from fire

@: lethally poisoned (-4 -> -25), flying quickly and evasively, quick
A: beak, talons 3, nimble flight
a: no special abilities


You were on level 4 of the Dungeon.
You visited 1 branch of the dungeon, and saw 4 of its levels.
You also visited: Ossuary.

You collected 403 gold pieces.

Inventory:

Armour
 a - a +0 robe (worn)
 i - a +1 buckler (worn)
Magical Staves
 c - a staff of conjuration (weapon)
Jewellery
 d - a ring of willpower (left hand)
 e - a ring of protection from fire (right hand)
 h - an amulet of magic regeneration (around neck)
Wands
 o - a wand of iceblast (7)
Scrolls
 f - 2 scrolls of vulnerability
 j - 2 scrolls of identify
 l - a scroll of torment {unknown}
 m - a scroll of magic mapping
 n - 2 scrolls of enchant weapon
 p - a scroll of teleportation
 u - a scroll of summoning {unknown}
Potions
 b - 2 potions of magic
 g - a potion of brilliance
 k - 4 potions of curing
 q - 2 potions of heal wounds
 r - 2 potions of degeneration
 s - a potion of attraction
 t - a potion of flight {unknown}


   Skills:
 + Level 2.1 Fighting
 + Level 1.7 Staves
 + Level 3.3 Dodging
 - Level 2.0 Stealth
 + Level 2.2 Shields
 + Level 3.0 Spellcasting
 + Level 3.3 Conjurations
 * Level 5.4 Fire Magic
 + Level 1.6 Evocations


You had 6 spell levels left.
You knew the following spells:

 Your Spells              Type           Power      Damage    Failure   Level
a - Foxfire               Conj/Fire      100%       2x1d9     3%          1
b - Scorch                Fire           40%        2d7       3%          2
c - Conjure Flame         Conj/Fire      26%        6-21      12%         3

Your spell library contained the following spells:

 Spells                   Type           Power      Damage    Failure   Level
 Inner Flame              Hex/Fire       11%        N/A       22%         3
 Flame Wave               Conj/Fire      26%        2d7       36%         4


Dungeon Overview and Level Annotations

Branches:
Dungeon (4/15)            Ossuary (visited)
 Temple: D:4-7

Altars:
Ashenzari
Cheibriados
Sif Muna
Trog
Vehumet
Wu Jian
Yredelemnul

Shops:
D:1 (

Annotations:
D:3 2 runed translucent doors, Silkki's ghost, amateur NaEE


Innate Abilities, Weirdness & Mutations

You have a beak for a mouth.
You have claws for feet.
Your magical nature lets you fly swiftly and evasively.


Message History

You feel a surge of power!
You conjure some foxfire!
The scorpion stings you.
You are poisoned.
The scorpion poisons you!
You feel very sick.
The foxfire hits the scorpion.
The scorpion is moderately wounded.
The scorpion barely misses you. x2
Casting: Foxfire (safe; 4% risk of failure)
Confirm with . or Enter, or press ? or * to list all spells.
You feel a surge of power!
You conjure some foxfire!
You feel sick. The scorpion stings you.
Your foxfire dissipates!
You feel sick.
The foxfire hits the scorpion.
The scorpion is heavily wounded.
The scorpion stings you.
You are more poisoned.
The scorpion poisons you!
Casting: Foxfire (safe; 4% risk of failure)
Confirm with . or Enter, or press ? or * to list all spells.
Flames lash the scorpion.
The scorpion is almost dead.
The scorpion's fire resistance burns away.
You feel very sick.
The scorpion stings you but does no damage.
Your foxfire dissipates!
* * * LOW HITPOINT WARNING * * *
You feel very sick. The scorpion stings you.
* * * LOW HITPOINT WARNING * * *
You are more poisoned.
The scorpion poisons you!
Casting: Scorch (safe; 4% risk of failure)
Confirm with . or Enter, or press ? or * to list all spells.
Flames lash the scorpion.
The scorpion is burned terribly!
You kill the scorpion!
* * * LOW HITPOINT WARNING * * *
You feel very sick.
Your magical contamination has completely faded away.
Your Spellcasting skill increases to level 3!
You die...

#.#.....#......|#.....
#.......##......#.....
*#..............+.....
#....<.........#.....
#..............##....
#..............####..
#..............'# #..
##...†.##......####..
####@####......#.....
#......##).....#.....
#..............>.....
#....................
#....................
##.....##......####..
##.....##......# #..
#......##......####..
#..............#.....


There were no monsters in sight!

Vanquished Creatures
  A phantom (D:4)
  A scorpion (D:4)
  A howler monkey (D:4)
  An iron imp (D:4)
  A jelly (D:4)
  Terence (D:3)
  8 mummies (Ossuary)
  7 adders
  2 worms
  4 dart slugs
  6 orcs
  An endoplasm (D:4)
  3 giant cockroaches
  10 hobgoblins
  4 jackals (D:1)
  5 kobolds
  3 quokkas
  2 ball pythons (D:1)
  6 bats
  A frilled lizard (D:2)
  A hobgoblin zombie (Ossuary)
  5 kobold zombies (Ossuary)
  2 orc zombies (Ossuary)
  6 rats
  2 rat zombies (D:4)
  A spectral kobold (D:1)
85 creatures vanquished.

Vanquished Creatures (others)
  283 foxfires
283 creatures vanquished.

Grand Total: 368 creatures vanquished

Notes
Turn   | Place    | Note
-------+----------+-------------------------------------------
     0 | D:1      | kae the Tengu Fire Elementalist began the quest for the
                  | Orb.
     0 | D:1      | Reached XP level 1. HP: 10/10 MP: 4/4
   181 | D:1      | Found a faded altar of an unknown god.
   433 | D:1      | Reached XP level 2. HP: 15/15 MP: 4/6
   513 | D:1      | Learned a level 2 spell: Scorch
   727 | D:1      | Reached XP level 3. HP: 14/20 MP: 4/7
   731 | D:1      | Learned a level 3 spell: Conjure Flame
   837 | D:1      | Found Essaun's Weapon Shop.
  1041 | D:2      | Reached skill level 4 in Fire Magic
  1253 | D:2      | Reached skill level 1 in Fighting
  1269 | D:2      | Reached XP level 4. HP: 19/25 MP: 8/8
  1282 | D:2      | Reached skill level 1 in Shields
  1676 | D:2      | Identified a scroll of acquirement
  1676 | D:2      | Acquired a staff of conjuration
  1743 | D:3      | Found a shimmering blue altar of Sif Muna.
  1793 | D:3      | Found a bloodstained altar of Trog.
  1847 | D:3      | Found a radiant altar of Vehumet.
  1912 | D:3      | Gained mutation: Your magical nature lets you fly swiftly
                  | and evasively. [Tengu growth]
  1912 | D:3      | Reached XP level 5. HP: 26/29 MP: 9/9
  1961 | D:3      | Found a large runed translucent door.
  2036 | D:3      | Found a basalt altar of Yredelemnul.
  2039 | D:3      | Noticed Terence
  2052 | D:3      | Killed Terence
  2263 | D:3      | Found a radiant altar of Vehumet.
  2296 | D:3      | Found a large runed translucent door.
  2301 | D:3      | Noticed Silkki's ghost (amateur NaEE)
  2411 | D:4      | Found an ornate altar of the Wu Jian Council.
  2422 | D:4      | Found a snail-covered altar of Cheibriados.
  2429 | D:4      | Noticed a phantom
  2502 | D:4      | Killed a phantom
  2503 | D:4      | Reached skill level 1 in Staves
  2503 | D:4      | Reached skill level 1 in Evocations
  2503 | D:4      | Reached XP level 6. HP: 35/35 MP: 6/11
  2525 | D:4      | Reached skill level 5 in Fire Magic
  2559 | D:4      | Found a sand-covered staircase.
  2658 | Ossuary  | Entered an ossuary
  3253 | D:4      | Reached XP level 7. HP: 40/40 MP: 12/12
  3323 | D:4      | Found a broken altar of Ashenzari.
  3449 | D:4      | HP: 1/40 [poisoned by a scorpion]
  3450 | D:4      | Succumbed to a scorpion's poison

Illustrated notes

Levels and vault maps discovered:
D:1:      dpeg_arrival_stonehenge_8_columns, layout_rooms,
          dreamdust_ecumenical_altar_drowned_temple, serial_shops, shop,
          dk_noncrumbling_3
D:2:      layout_rooms, amcnicky_mini_pool_small
D:3:      layout_rooms, mainiacjoe_overflow_tiny_flanked,
          mainiacjoe_overflow_surrounded_room, mainiacjoe_overflow_boulevard,
          nicolae_vehumet_altar_sigil, ebering_ghost_disaster_area,
          kennysheep_flooded_box, minmay_misc_feat_plants, minmay_checkerbox,
          uniq_terence
D:4:      layout_gridville, nicolae_ashenzari_panopticon,
          nicolae_overflow_hidden_temple, slow_altar_1, enter_ossuary_4

Skill      XL: |  1  2  3  4  5  6  7 |
---------------+----------------------+-----
Fire Magic     | 4 5 |  5.4
Fighting       | 1 2 |  2.1
Conjurations   | 2 3 |  3.3
Shields        | 1 2 |  2.2
Staves         | 1 |  1.7
Dodging        | 3 |  3.3
Evocations     | 1 |  1.6
Spellcasting   | 3 |  3.0
Stealth        | |  2.0

Action                   |  1- 3 |  4- 6 |  7- 9 || total
-------------------------+-------+-------+-------++-------
Melee: Unarmed           |    20 |       |       ||    20
       Kick              |     5 |     4 |       ||     9
       Peck              |     1 |       |       ||     1
       Staff             |       |     9 |       ||     9
 Cast: Foxfire           |    47 |   114 |     9 ||   170
       Scorch            |     9 |    23 |     2 ||    34
  Use: Scroll            |     4 |    11 |       ||    15
       Potion            |       |     4 |       ||     4
Armor: Robe              |     8 |     7 |     1 ||    16
Dodge: Dodged            |    30 |    24 |     2 ||    56
Block: Buckler           |     3 |    11 |       ||    14

Table legend: (Time is in decaauts)
 A = Elapsed time spent in this place.
 B = Non-inter-level travel time spent in this place.
 C = Inter-level travel time spent in this place.
 D = Time resting spent in this place.
 E = Time spent auto-exploring this place.
 F = Levels seen in this place.
 G = Mean time per level.
                   A        B        C        D        E       F      G
               +--------+--------+--------+--------+--------+-----+--------+
         Total |   3384 |   3283 |    101 |    301 |   2237 |   5 |  676.8 |
       Dungeon |   2856 |   2755 |    101 |     86 |   2055 |   4 |  714.0 |
       Ossuary |    528 |    528 |      0 |    215 |    181 |   1 |  528.0 |
               +--------+--------+--------+--------+--------+-----+--------+

Top non-repeatable levels by time:
     D:1: 1033 daAuts
     D:2: 681 daAuts
     D:3: 673 daAuts
 Ossuary: 528 daAuts
     D:4: 467 daAuts
